 Dungeon Crawl Stone Soup version 0.31-a0-167-g1c394c0614 (webtiles) character file.

Game seed: 15237917317512706903

689 qw the Skirmisher (level 7, 0/43 HPs)
             Began as a Gargoyle Hunter on June 14, 2023.
             Slain by a sleepcap (2 damage)
             ... on level 5 of the Dungeon.
             The game lasted 00:01:35 (3779 turns).

qw the Skirmisher (Gargoyle Hunter)                 Turns: 3779, Time: 00:01:36

Health: 0/43       AC: 14    Str: 14    XL:     7   Next: 63%
Magic:  7/7        EV: 16    Int: 10    God:
Gold:   168        SH:  0    Dex: 15    Spells: 6/6 levels left

rFire   . . .        Y - +0 shortbow
rCold   . . .        (shield currently unavailable)
rNeg    + . .        d - +0 ring mail
rPois   inf          a - +0 helmet
rElec   +            c - +0 cloak
rCorr   .            (no gloves)
SInv    .            l - +1 pair of boots
Will    .....        (no amulet)
Stlth   +            h - +5 ring of evasion
HPRegen 0.27/turn    (no ring)
MPRegen 0.10/turn

%: no passive effects
@: no status effects
A: sickness immunity, AC +4, negative energy resistance 1, electricity
resistance, torment resistance 1, petrification resistance
a: no special abilities


You were on level 5 of the Dungeon.
You visited 1 branch of the dungeon, and saw 5 of its levels.

You collected 231 gold pieces.
You spent 63 gold pieces at shops.


Innate Abilities, Weirdness & Mutations

You are immune to sickness and miasma.
Your stone body is resilient. (AC +4)
You are immune to poison.
You resist negative energy. (rN+)
You are resistant to electric shocks. (rElec)
You are resistant to unholy torment.
You are immune to petrification.


   Skills:
 + Level 4.0 Fighting
 - Level 8.0 Ranged Weapons
 - Level 2.9 Armour
 - Level 1.5 Dodging
 - Level 1.1 Stealth


You had 6 spell levels left.
You didn't know any spells.
Your spell library was empty.

Inventory:

Hand Weapons
 Y - a +0 shortbow (weapon)
Armour
 a - a +0 helmet (worn)
 c - a +0 cloak (worn)
 d - a +0 ring mail (worn)
 l - a +1 pair of boots (worn)
Jewellery
 h - a +5 ring of evasion (left hand)
 k - a ring of ice
Scrolls
 j - a scroll of identify
Potions
 e - 2 potions of curing
 f - a potion of resistance
 g - a potion of heal wounds {unknown}
 i - a potion of might {unknown}
 o - a potion of attraction {unknown}

Dungeon Overview and Level Annotations

Branches:
Dungeon (5/15)
 Temple: D:4-7

Altars:
Elyvilon
Gozag

Shops:
D:4 *

Annotations:
D:3 2 runed translucent doors, qw's ghost, amateur GrHu


Message History

The ogre is severely wounded.
The ogre hits you with a +0 giant club. The sleepcap releases spores at you.
The sleepcap releases spores at you but does no damage.
You shoot an arrow.
The arrow hits the ogre but does no damage.
The ogre is severely wounded.
The ogre closely misses you.
The sleepcap releases spores at you but does no damage.
You shoot an arrow. The arrow hits the ogre.
The ogre is severely wounded.
The ogre hits you with a +0 giant club. The sleepcap barely misses you.
You shoot an arrow. The arrow hits the ogre!
You kill the ogre!
The sleepcap releases spores at you but does no damage.
You feel your dexterity returning.
Your Ranged Weapons skill increases to level 8!
You shoot an arrow. The arrow hits the sleepcap.
The sleepcap is lightly damaged.
The sleepcap closely misses you.
You shoot an arrow. The arrow hits the sleepcap!
The sleepcap is heavily damaged.
The sleepcap misses you.
You shoot an arrow. The arrow hits the sleepcap.
The sleepcap is heavily damaged.
The sleepcap releases spores at you.
You shoot an arrow. The arrow hits the sleepcap.
The sleepcap is heavily damaged.
The sleepcap releases spores at you.
You shoot an arrow.
The arrow hits the sleepcap but does no damage.
The sleepcap is heavily damaged.
The sleepcap closely misses you.
You shoot an arrow. The arrow hits the sleepcap.
The sleepcap is severely damaged.
The sleepcap barely misses you.
You shoot an arrow. The arrow hits the sleepcap.
The sleepcap is almost destroyed.
The sleepcap releases spores at you but does no damage.
The sleepcap releases spores at you.
You die...

.# #...# #.....# .#
#...# #.....# .# #...#
#.....# .###...#
#.....# ..##...#
#.....#
..##%..#########.###
................>#
.#.#...#########.#
.#.#...# #@# .#.#...#
#..f)....# .#.....#
#...<....# .##....##
#........# ######..#
#........# ##.#
#........#
#######.######........#
...................:..#
...........##..


You could see a sleepcap.

Vanquished Creatures
  A black bear (D:4)
  An ogre (D:5)
  A phantom (D:4)
  2 vampire bats (D:4)
  A jelly (D:4)
  An orc priest (D:4)
  An iguana (D:5)
  2 orc wizards
  Terence (D:3)
  Robin (D:3)
  3 gnolls (D:4)
  4 adders
  2 worms
  4 dart slugs
  17 orcs
  11 bats
  6 endoplasms
  15 goblins
  4 hobgoblins
  2 jackals (D:2)
  2 quokkas
  7 ball pythons
  A frilled lizard (D:1)
  7 kobolds
  2 rats
99 creatures vanquished.

Notes
Turn   | Place    | Note
-------+----------+-------------------------------------------
     0 | D:1      | qw the Gargoyle Hunter began the quest for the Orb.
     0 | D:1      | Reached XP level 1. HP: 12/12 MP: 1/1
     0 | D:1      | 0 ||| qw: Version: 0.2-a-29-g1fa15c8
     0 | D:1      | 0 ||| qw: Game counter: 5058
     0 | D:1      | 0 ||| qw: Always use a shield: true
     0 | D:1      | 0 ||| qw: God list: Okawaru
     0 | D:1      | 0 ||| qw: Allow faded altars: false
     0 | D:1      | 0 ||| qw: Do Orc after D:15 true
     0 | D:1      | 0 ||| qw: Do second Lair branch before Depths: true
     0 | D:1      | 0 ||| qw: Lair rune preference: random
     0 | D:1      | 0 ||| qw: Plans: Normal, Zot:1-4, Slime:5, God:TSO, Crypt,
                  | Tomb, Abyss, Pan, Hells, Win
     0 | D:1      | 0 ||| PLANNING D:1-11
    87 | D:1      | Reached XP level 2. HP: 17/17 MP: 2/2
   284 | D:1      | Found a faded altar of an unknown god.
   677 | D:1      | 677 ||| READING scroll labelled VUINEKH ZABBO.
   678 | D:1      | 678 ||| READING scroll labelled WYUHUC FASM.
   679 | D:1      | 679 ||| READING scroll labelled AMAEBBE WIRERGH.
   684 | D:1      | 684 ||| READING scroll labelled DAINGI WOVVIRIDGH.
   685 | D:1      | 685 ||| DROPPING scroll of butterflies.
   728 | D:2      | Reached XP level 3. HP: 21/21 MP: 3/3
   730 | D:2      | Found a white marble altar of Elyvilon.
   783 | D:2      | Reached skill level 5 in Ranged Weapons
  1001 | D:2      | Reached skill level 3 in Fighting
  1083 | D:2      | 1083 ||| UPGRADING to +5 ring of evasion.
  1084 | D:2      | 1084 ||| READING scroll labelled FEOR KYODU.
  1085 | D:2      | 1085 ||| READING scroll labelled YCYISCH WEUJI.
  1086 | D:2      | 1086 ||| DRINKING 2 brown potions.
  1087 | D:2      | 1087 ||| DRINKING 2 glowing purple potions.
  1088 | D:2      | 1088 ||| DROPPING potion of enlightenment.
  1158 | D:3      | Noticed Robin
  1160 | D:3      | Reached XP level 4. HP: 25/28 MP: 4/4
  1162 | D:3      | 1162 ||| Stepping ~*~*~tactically~*~*~ (outnumbered).
  1180 | D:3      | Killed Robin
  1382 | D:3      | Noticed Terence
  1394 | D:3      | Killed Terence
  1395 | D:3      | Reached XP level 5. HP: 19/32 MP: 5/5
  1520 | D:3      | Reached skill level 6 in Ranged Weapons
  1630 | D:3      | Found a runed translucent door.
  1634 | D:3      | Noticed qw's ghost (amateur GrHu)
  1972 | D:3      | Found a runed translucent door.
  1979 | D:3      | 1979 ||| UPGRADING to +0 helmet.
  1984 | D:3      | 1984 ||| UPGRADING to +0 ring mail.
  1994 | D:3      | 1994 ||| DROPPING +0 leather armour.
  1995 | D:3      | 1995 ||| DRINKING 2 fuming amethyst potions.
  2046 | D:4      | Noticed a black bear
  2172 | D:4      | Found Adexopn's Neck Hole.
  2180 | D:4      | 2180 ||| BUYING +0 cloak (63 gold).
  2180 | D:4      | Bought a +0 cloak for 63 gold pieces
  2180 | D:4      | 2180 ||| SHOPLISTING +3 cloak of Soxax {-Tele rElec Str+8
                  | Int-5} (459 gold, have 125).
  2180 | D:4      | 2180 ||| SHOPLISTING amulet of regeneration (420 gold, have
                  | 125).
  2180 | D:4      | 2180 ||| SHOPLISTING scarf of repulsion (168 gold, have
                  | 125).
  2233 | D:4      | Reached skill level 1 in Armour
  2406 | D:4      | Noticed a phantom
  2422 | D:4      | Killed a phantom
  2423 | D:4      | Reached XP level 6. HP: 34/38 MP: 6/6
  2943 | D:4      | 2943 ||| FLEEEEING.
  2944 | D:4      | 2944 ||| FLEEEEING.
  2945 | D:4      | 2945 ||| FLEEEEING.
  2946 | D:4      | 2946 ||| FLEEEEING.
  2947 | D:4      | 2947 ||| FLEEEEING.
  2949 | D:4      | 2949 ||| FLEEEEING.
  2957 | D:4      | Reached skill level 7 in Ranged Weapons
  2957 | D:4      | 2957 ||| FLEEEEING.
  2958 | D:4      | 2958 ||| FLEEEEING.
  2959 | D:4      | 2959 ||| FLEEEEING.
  2960 | D:4      | 2960 ||| FLEEEEING.
  2961 | D:4      | 2961 ||| FLEEEEING.
  2962 | D:4      | 2962 ||| FLEEEEING.
  2963 | D:4      | 2963 ||| FLEEEEING.
  2964 | D:4      | 2964 ||| FLEEEEING.
  2965 | D:4      | 2965 ||| FLEEEEING.
  2966 | D:4      | 2966 ||| FLEEEEING.
  2967 | D:4      | 2967 ||| FLEEEEING.
  2968 | D:4      | 2968 ||| FLEEEEING.
  2969 | D:4      | 2969 ||| FLEEEEING.
  2970 | D:4      | 2970 ||| FLEEEEING.
  2971 | D:4      | 2971 ||| FLEEEEING.
  2973 | D:4      | 2973 ||| FLEEEEING.
  2974 | D:4      | 2974 ||| FLEEEEING.
  2975 | D:4      | 2975 ||| FLEEEEING.
  2976 | D:4      | 2976 ||| FLEEEEING.
  2977 | D:4      | 2977 ||| FLEEEEING.
  2978 | D:4      | 2978 ||| FLEEEEING.
  2979 | D:4      | 2979 ||| FLEEEEING.
  2980 | D:4      | 2980 ||| FLEEEEING.
  2981 | D:4      | 2981 ||| FLEEEEING.
  2982 | D:4      | 2982 ||| FLEEEEING.
  2983 | D:4      | 2983 ||| FLEEEEING.
  2984 | D:4      | 2984 ||| STAIRDANCE
  3098 | D:3      | 3098 ||| UPGRADING to +0 cloak.
  3103 | D:3      | 3103 ||| UPGRADING to +1 pair of boots.
  3108 | D:3      | 3108 ||| DROPPING ring of magical power.
  3109 | D:3      | 3109 ||| READING scroll labelled CEYR GEMITOA.
  3110 | D:3      | 3110 ||| DRINKING 2 amethyst potions.
  3111 | D:3      | 3111 ||| DROPPING potion of degeneration.
  3283 | D:4      | Killed a black bear
  3284 | D:4      | Reached XP level 7. HP: 18/43 MP: 7/7
  3449 | D:5      | Entered Level 5 of the Dungeon
  3492 | D:5      | 3492 ||| DRINKING 3 potions of curing.
  3492 | D:5      | 3492 ||| (to cure confusion)
  3654 | D:5      | Found an opulent altar of Gozag.
  3659 | D:5      | 3659 ||| FLEEEEING.
  3660 | D:5      | 3660 ||| FLEEEEING.
  3661 | D:5      | 3661 ||| FLEEEEING.
  3771 | D:5      | HP: 7/43 [ogre/+0 giant club (5)]
  3773 | D:5      | Reached skill level 8 in Ranged Weapons
  3775 | D:5      | HP: 3/43 [sleepcap (5)]
  3776 | D:5      | HP: 1/43 [sleepcap (2)]
  3779 | D:5      | Slain by a sleepcap

Levels and vault maps discovered:
D:1:      lightli_arrival_chessboard, layout_basic,
          shapermc_ecumenical_altar_acropolis
D:2:      layout_rooms, serial_glass, glass_columns_c, glass_columns_a,
          basic_altar
D:3:      layout_basic, ebering_ghost_sewer_f, serial_bayou_pond_a,
          uniq_terence, uniq_robin
D:4:      layout_loops_corners, roderic_batcave,
          nicolae_shop_sticking_my_neck_out
D:5:      layout_basic, mainiacjoe_overflow_concentric_impassable, serial_shops,
          shop

Skill      XL: |  1  2  3  4  5  6  7 |
---------------+----------------------+-----
Ranged Weapons | 5 6 7 8 |  8.0
Fighting       | 3 4 |  4.0
Armour         | 1 2 |  2.9
Dodging        | |  1.5
Stealth        | |  1.1

Action                     |  1- 3 |  4- 6 |  7- 9 || total
---------------------------+-------+-------+-------++-------
   Fire: Shortbow          |    81 |   221 |    50 ||   352
    Use: Scroll            |     6 |     1 |       ||     7
         Potion            |     2 |     2 |     1 ||     5
 Armour: Leather armour    |     6 |    17 |       ||    23
         Ring mail         |       |    40 |    10 ||    50
  Dodge: Dodged            |     4 |   109 |    25 ||   138

Table legend:
 A = Non-vault XP
 B = Vault XP
 C = Vault XP percentage of total XP
 D = Non-vault monster count
 E = Vault monster count
 F = Vault count percentage of total count
                 A         B        C        D         E       F
            +---------+---------+-------+---------+---------+-------
      Total |     797 |     188 |  19.1 |      78 |      21 |  21.2
            +---------+---------+-------+---------+---------+-------
        D:1 |      31 |       0 |   0.0 |      20 |       0 |   0.0
        D:2 |      45 |       0 |   0.0 |      11 |       0 |   0.0
        D:3 |      89 |      69 |  43.7 |      16 |      13 |  44.8
        D:4 |     435 |     119 |  21.5 |      26 |       8 |  23.5
        D:5 |     197 |       0 |   0.0 |       5 |       0 |   0.0
            +---------+---------+-------+---------+---------+-------
